 Dungeon Crawl Stone Soup version 0.25-a0-731-g0472a16d6a (webtiles) character file.

Game seed: 17848149837150390962, levelgen mode: deterministic

332 kae the Ruffian (level 6, -5/47 HPs)
             Began as a Draconian Transmuter on Apr 8, 2020.
             Killed by nerve-wracking pain
             ... invoked by Jessica
              (14 damage)
             ... on level 3 of the Dungeon.
             The game lasted 00:02:33 (2381 turns).

kae the Ruffian (Draconian Transmuter)              Turns: 2381, Time: 00:02:34

Health: -5/47      AC:  9    Str: 14    XL:     6   Next: 26%
Magic:  9/11       EV: 12    Int: 13    God:
Gold:   115        SH:  0    Dex: 14    Spells: 5/11 levels left

rFire    . . .     SeeInvis .     - Unarmed
rCold    . . .     Gourm    .   (no shield)
rNeg     . . .     Faith    .   (armour unavailable)
rPois    .         Spirit   .   (helmet restricted)
rElec    .         Reflect  .   (no cloak)
rCorr    .         Harm     .   i - +0 pair of gloves
MR       .....                  g - +1 pair of boots
Stlth    +.........             (no amulet)
HPRegen  0.15/turn              m - +2 ring of dexterity
MPRegen  0.12/turn              (no ring)

@: berserk cooldown, slowed, very slow
A: unfitting armour, cold-blooded, AC +6
a: no special abilities


You were on level 3 of the Dungeon.
You were hungry.

You visited 1 branch of the dungeon, and saw 3 of its levels.

You collected 115 gold pieces.

Inventory:

Missiles
 a - 23 arrows
Armour
 g - a +1 pair of boots (worn)
 i - a +0 pair of gloves (worn)
Jewellery
 h - an uncursed amulet of rage
 m - a +2 ring of dexterity (left hand)
Wands
 j - a wand of acid (9)
Scrolls
 d - 2 scrolls of random uselessness
 f - 2 scrolls of identify
Potions
 b - 3 potions of cancellation
 e - a potion of haste
 n - a potion of curing {unknown}
Comestibles
 c - 5 rations
 k - 2 chunks of flesh


   Skills:
 - Level 1.1 Fighting
 - Level 1.7 Dodging
 * Level 5.4 Unarmed Combat
 + Level 3.4 Spellcasting
 + Level 3.7 Transmutations


You had 5 spell levels left.
You knew the following spells:

 Your Spells              Type           Power        Failure   Level  Hunger
a - Beastly Appendage     Tmut           ##....       4%          1    #......
b - Sticks to Snakes      Tmut           ##......     8%          2    ##.....
c - Spider Form           Tmut/Pois      #.........   30%         3    ###....

Your spell library contained the following spells:

 Spells                   Type           Power        Failure   Level  Hunger
 Ice Form                 Ice/Tmut       #.......     71%         4    #####..
 Blade Hands              Tmut           ##........   80%         5    ######.


Dungeon Overview and Level Annotations

Branches:
Dungeon (3/15)

Altars:
Yredelemnul

Portals:
Sewer: D:3

Annotations:
D:3 1 runed translucent door, Jessica


Innate Abilities, Weirdness & Mutations

Your plain brown scales are hard. (AC +6)
You cannot fit into any form of body armour.
You are cold-blooded and may be slowed by cold attacks.


Message History

Increase (S)trength, (I)ntelligence, or (D)exterity?
You feel stronger.
Your scales feel tougher.
Jessica casts a spell at you.
You barely resist.
You feel a strong urge to attack something.
Jessica mumbles something strange.
Jessica casts a spell.
Jessica blinks!
Found a stone staircase leading up.
You feel your anger nearly subside.
You are no longer berserk.
You are exhausted.
You feel yourself slow down. Jessica barely misses you.
Jessica gestures wildly while chanting.
Jessica blinks!
There is a stone staircase leading up here.
Jessica points at you and mumbles some strange words.
Pain shoots through your body!
You die...

#.####..# #.##........ ........#
#.##.####### ######..# #....#
#..# #.#..# # #..# #....#######
#..#######.#..#.....#
#..........#..#....#. #.#####
#...<..#.###...#####.
#...<.######@#.#......## ###
#..........[.##.#.##.##)(# #...#
#..#####h###.#.#..##.##.รท###._.#
# ........###@........##...#
####.###.#.#.###.##...######
.g...............##.### #.
#....)..########.# #.
#######(...# #.# ## #..........#
#(.


You could see Jessica.

Vanquished Creatures
  Grinder (D:3)
  A human skeleton (D:3)
  2 adders (D:2)
  2 oozes
  2 worms
  2 dart slugs
  4 leopard geckos
  2 orcs (D:3)
  A ball python (D:2)
  11 bats
  3 giant cockroaches
  5 goblins
  6 hobgoblins
  8 jackals
  8 kobolds
  A quokka (D:3)
  3 frilled lizards
  A kobold zombie (D:3)
  12 rats
75 creatures vanquished.

Vanquished Creatures (collateral kills)
  A worm (D:2)
  2 dart slugs (D:1)
  A bat (D:1)
  2 goblins (D:1)
  A kobold (D:1)
7 creatures vanquished.

Grand Total: 82 creatures vanquished

Notes
Turn   | Place    | Note
-------+----------+-------------------------------------------
     0 | D:1      | kae the Draconian Transmuter began the quest for the Orb.
     0 | D:1      | Reached XP level 1. HP: 16/16 MP: 3/3
    35 | D:1      | Reached XP level 2. HP: 19/23 MP: 3/5
    43 | D:1      | Learned a level 2 spell: Sticks to Snakes
   502 | D:1      | Reached XP level 3. HP: 19/28 MP: 4/6
  1275 | D:2      | Reached skill level 4 in Unarmed Combat
  1445 | D:2      | Reached XP level 4. HP: 30/35 MP: 7/7
  1696 | D:2      | Learned a level 3 spell: Spider Form
  1977 | D:3      | Noticed Grinder
  2183 | D:3      | Found a runed translucent door.
  2183 | D:3      | Noticed a human
  2188 | D:3      | Found a basalt altar of Yredelemnul.
  2205 | D:3      | Reached XP level 5. HP: 35/40 MP: 6/9
  2281 | D:3      | Found a glowing drain.
  2353 | D:3      | Noticed Jessica
  2365 | D:3      | Paralysed by Grinder for 6 turns
  2374 | D:3      | Killed Grinder
  2374 | D:3      | Reached skill level 5 in Unarmed Combat
  2374 | D:3      | Reached XP level 6. HP: 12/47 MP: 8/11
  2381 | D:3      | Killed from afar by Jessica

Levels and vault maps discovered:
D:1:      evilmike_arrival_home_sweet_home, layout_loops_cross
D:2:      layout_basic, first_ration, minivault_25, kennysheep_generic_room_8
D:3:      layout_loops_ring, portal_sewer_entry_e, dk_yredelemnul_ordeal,
          uniq_jessica, uniq_grinder, uniq_crazy_yiuf_cottage

Skill      XL: |  1  2  3  4  5 |
---------------+----------------+-----
Unarmed Combat | 4 5 |  5.4
Transmutations | 3 |  3.7
Spellcasting   | 3 |  3.4
Fighting       | |  1.1
Dodging        | |  1.7

Action                   |  1- 3 |  4- 6 || total
-------------------------+-------+-------++-------
Melee: Unarmed           |   144 |   132 ||   276
       Tailslap          |    16 |    10 ||    26
       Headbutt          |     8 |     2 ||    10
       Kick              |     1 |       ||     1
       Punch             |       |     1 ||     1
 Cast: Beastly Appendage |    16 |     7 ||    23
       Sticks to Snakes  |     4 |     3 ||     7
       Spider Form       |       |     4 ||     4
  Use: Scroll            |     6 |     1 ||     7
       Potion            |       |     1 ||     1
  Eat: Chunk             |     2 |     4 ||     6
Armor: Skin              |    61 |    46 ||   107
Dodge: Dodged            |   127 |   100 ||   227

Table legend:
 A = Non-vault XP
 B = Vault XP
 C = Vault XP percentage of total XP
 D = Non-vault monster count
 E = Vault monster count
 F = Vault count percentage of total count
                 A         B        C        D         E       F
            +---------+---------+-------+---------+---------+-------
      Total |     180 |     295 |  62.1 |      79 |       3 |   3.7
            +---------+---------+-------+---------+---------+-------
        D:1 |      62 |       0 |   0.0 |      32 |       0 |   0.0
        D:2 |      78 |       0 |   0.0 |      28 |       0 |   0.0
        D:3 |      40 |     295 |  88.1 |      19 |       3 |  13.6
            +---------+---------+-------+---------+---------+-------
